Map: Abyssal Reef LE

Players

TrickyMoon

  • Race: Terran Terran
  • League: Gold
  • Spawn Location: 5:00

TWillG - Winner!

  • Race: Protoss Protoss
  • League: Platinum
  • Spawn Location: 11:00

VOD

Have the link to the VOD?

Description

Time

  • Played on: Nov. 10, 2017, 11:26 p.m.
  • Length: 16:08
Show
View Real Time Build Order
Export as new Build Order

TrickyMoon Terran 

Build Orders: Liberator Opening, MMM Bio 

Get SALT Encoding   

  12  0:01  SCV  
  13  0:18  Supply Depot, SCV  
  14  0:30  SCV  
  15  0:42  SCV  
  16  0:43  Barracks  
  16  0:51  Refinery  
  16  0:54  SCV  
  17  1:04  Barracks  
  17  1:07  SCV  
  18  1:20  SCV  
  19  1:31  Supply Depot  
  19  1:33  Refinery, SCV  
  19  1:34  Marine  
  21  1:54  Factory  
  21  1:58  Marine x2  
  23  2:03  SCV  
  24  2:15  SCV  
  24  2:19  Barracks Reactor x2  
  25  2:24  Supply Depot  
  25  2:28  SCV  
  26  2:42  Starport  
  26  2:44  Factory Tech Lab  
  26  2:52  Supply Depot  
  26  2:56  Marine x2  
  26  2:57  Marine  
  29  2:58  Marine  
  30  3:15  Engineering Bay  
  30  3:25  Marine  
  30  3:26  Marine  
  32  3:29  Siege Tank  
  32  3:30  Liberator, Barracks Tech Lab  
  35  3:42  Supply Depot  
  38  3:53  Terran Infantry Weapons Level 1  
  38  4:13  Missile Turret  
  38  4:14  SCV, Missile Turret  
  39  4:18  Stimpack  
  39  4:27  SCV  
  40  4:32  Medivac  
  42  4:39  SCV  
  43  4:50  Medivac  
  43  4:52  Marine x3  
  48  5:09  Marine  
  48  5:10  Marine x2  
  51  5:16  Siege Tank  
  54  5:35  Command Center  
  54  5:36  Marine  
  55  5:48  Terran Infantry Armor Level 1  
  55  5:58  Supply Depot  
  55  6:13  Marine  
  55  6:14  Marine  
  55  6:15  Marine  
  45  6:26  Liberator  
  45  6:31  Marine  
  45  6:32  Marine  
  46  6:33  Marine  
  45  6:46  Supply Depot  
  48  6:49  Marine, Liberator  
  48  6:50  Marine  
  48  6:51  Marine  
  48  6:52  Armory  
  48  6:54  Orbital Command  
  51  6:59  Supply Depot  
  51  7:07  Marine  
  51  7:08  Marine  
  56  7:21  SCV x2  
  58  7:26  Medivac  
  58  7:29  Combat Shields  
  60  7:33  SCV  
  60  7:35  SCV  
  62  7:44  Marine x2  
  62  7:45  SCV  
  45  8:33  Marine  
  41  8:38  Barracks  
  41  8:44  Marine  
  41  8:45  Marine  
  41  8:49  Missile Turret  
  41  8:50  Marine  
  41  8:53  Missile Turret  
  41  8:55  Medivac x2  
  45  9:00  Supply Depot  
  45  9:02  Marine x2  
  46  9:08  Marine  
  48  9:11  Missile Turret  
  48  9:15  Siege Tank  
  51  9:18  Missile Turret  
  51  9:20  Marine x2  
  53  9:26  Marine  
  53  9:29  Barracks Reactor  
  54  9:34  Barracks  
  54  9:38  Marine x2  
  55  9:44  Marine, Terran Infantry Weapons Level 2  
  55  9:45  Missile Turret  
  57  9:46  Missile Turret  
  57  9:47  Siege Tank  
  60  9:56  Marine  
  61  10:00  Refinery, Orbital Command  
  61  10:01  Refinery  
  61  10:03  SCV  
  62  10:12  Marine x2  
  64  10:14  Marine, Marauder  
  64  10:15  Marine  
  68  10:27  Missile Turret  
  68  10:32  Missile Turret  
  68  10:56  Command Center  
  68  11:00  Missile Turret  
  68  11:07  Marauder  
  68  11:09  Barracks Tech Lab  
  70  11:11  Missile Turret  
  70  11:13  Concussive Shells  
  70  11:16  SCV  
  71  11:19  SCV  
  71  11:23  Missile Turret  
  72  11:32  Missile Turret  
  72  11:37  Command Center  
  72  11:49  Marine  
  72  11:54  Factory  
  73  11:58  Factory  
  73  12:06  Missile Turret  
  73  12:12  Orbital Command  
  73  12:14  SCV  
  73  12:15  SCV  
  75  12:16  Missile Turret  
  75  12:25  Terran Infantry Weapons Level 3  
  75  12:27  SCV x2  
  77  12:30  Supply Depot  
  77  12:33  Terran Vehicle Weapons Level 1  
  77  12:37  Factory Tech Lab  
  77  12:39  SCV x2  
  77  12:42  Factory Tech Lab  
  79  12:45  Refinery  
  79  12:47  Marauder  
  79  12:50  Refinery  
  81  12:54  SCV  
  81  12:55  SCV x2  
  81  12:57  Orbital Command  
  84  13:09  Missile Turret  
  84  13:14  Viking  
  84  13:15  Viking  
  84  13:18  Marine x3  
  84  13:19  Marine  
  91  13:28  Marauder x2  
  95  13:35  Missile Turret  
  95  13:40  Siege Tank  
  98  13:43  Siege Tank  
  98  13:44  Viking  
  98  13:45  Viking  
  98  13:46  SCV x2  
  107  13:50  Marauder x2  
  107  13:51  Siege Tank  
  114  13:58  Armory  
  114  14:18  SCV  
  114  14:23  Refinery x2  
  115  14:30  SCV, Siege Tank x3  
  124  14:33  Orbital Command  
  126  14:38  Marauder  
  126  14:39  Marauder  
  126  14:40  Marine x4  
  126  14:42  SCV  
  133  14:47  SCV  
  134  14:54  Barracks  
  134  14:58  Marine x4, Barracks  
  134  14:59  SCV  
  139  15:02  SCV  
  140  15:07  Supply Depot  
  140  15:08  SCV, Marauder x2  
  140  15:09  Supply Depot  
  140  15:11  SCV  
  140  15:12  Supply Depot  
  146  15:15  Marine x2  
  148  15:28  Marine x2  
  148  15:29  Marine, Marauder  
  84  15:43  Marine x2  
  84  15:46  Marine x2  
  84  15:47  Marauder  
  64  15:50  Marine  
Show
View Real Time Build Order
Export as new Build Order

TWillG Protoss - Winner!

Build Orders: 1 Gate Expand, Double Forge, Oracle Opening 

Get SALT Encoding   

  12  0:01  Probe (Chrono Boost)  
  13  0:12  Probe (Chrono Boost)  
  14  0:22  Pylon  
  14  0:25  Probe (Chrono Boost)  
  15  0:40  Probe (Chrono Boost)  
  16  0:43  Gateway  
  16  0:50  Assimilator, Probe (Chrono Boost)  
  17  1:01  Probe (Chrono Boost)  
  18  1:22  Probe (Chrono Boost)  
  19  1:35  Cybernetics Core  
  19  1:39  Nexus  
  19  1:45  Pylon  
  19  1:58  Assimilator, Probe (Chrono Boost)  
  20  2:09  Probe (Chrono Boost)  
  21  2:16  Stargate  
  21  2:22  Probe (Chrono Boost)  
  22  2:27  Pylon  
  22  2:32  Probe (Chrono Boost)  
  22  2:33  Pylon  
  23  2:43  Probe (Chrono Boost)  
  24  2:53  Probe x2 (Chrono Boost)  
  26  2:59  Oracle (Chrono Boost)  
  30  3:07  Mothership Core  
  31  3:17  Gateway  
  31  3:19  Warp Gate (Chrono Boost), Gateway  
  31  3:20  Probe  
  32  3:28  Probe  
  32  3:30  Probe  
  34  3:36  Stalker  
  36  3:43  Probe  
  36  3:44  Probe  
  38  3:48  Pylon  
  38  3:57  Robotics Facility  
  38  4:05  Void Ray (Chrono Boost)  
  39  4:13  Adept  
  41  4:19  Adept  
  43  4:31  Forge  
  43  4:36  Forge  
  43  4:40  Gateway  
  43  4:41  Gateway  
  43  4:42  Probe x2  
  45  4:54  Stalker (Chrono Boost), Probe x2  
  49  5:03  Immortal (Chrono Boost)  
  49  5:06  Probe  
  49  5:07  Probe  
  55  5:18  Probe  
  55  5:19  Probe  
  57  5:23  Photon Cannon  
  57  5:26  Photon Cannon  
  57  5:32  Photon Cannon  
  57  5:38  Photon Cannon  
  57  5:39  Probe  
  57  5:40  Probe  
  57  5:41  Pylon  
  59  5:51  Assimilator  
  59  5:53  Assimilator  
  59  5:56  Pylon, Probe x2  
  61  5:59  Observer (Chrono Boost)  
  62  6:17  Observer (Chrono Boost)  
  51  6:32  Stalker x2  
  55  6:41  Observer (Chrono Boost)  
  55  6:42  Phoenix  
  58  6:50  Probe  
  58  6:51  Probe  
  60  7:03  Nexus  
  60  7:05  Protoss Ground Armor Level 1 (Chrono Boost), Protoss Ground Weapons Level 1 (Chrono Boost)  
  60  7:06  Pylon  
  60  7:07  Phoenix  
  62  7:09  Pylon  
  62  7:12  Pylon  
  62  7:15  Pylon  
  62  7:17  Twilight Council  
  62  7:25  Immortal  
  66  7:32  Phoenix  
  68  7:42  Stalker x3  
  74  7:53  Gateway  
  74  7:55  Gateway, Pylon  
  74  7:57  Pylon  
  58  8:34  Void Ray  
  58  8:35  Cybernetics Core  
  58  8:37  Immortal  
  66  9:03  Probe  
  66  9:05  Probe x2  
  68  9:12  Photon Cannon  
  68  9:14  Photon Cannon, Probe  
  68  9:16  Immortal  
  68  9:17  Photon Cannon, Void Ray, Probe x2  
  74  9:18  Protoss Ground Armor Level 2 (Chrono Boost)  
  74  9:19  Protoss Air Weapons Level 1 (Chrono Boost)  
  74  9:20  Photon Cannon  
  74  9:21  Protoss Ground Weapons Level 2 (Chrono Boost)  
  74  9:22  Photon Cannon  
  79  9:24  Probe  
  79  9:27  Photon Cannon  
  79  9:29  Probe x2  
  82  9:40  Gateway  
  82  9:42  Gateway  
  82  9:44  Gateway  
  82  9:46  Gateway  
  82  9:47  Probe  
  82  9:48  Probe x2  
  82  9:50  Immortal  
  85  9:53  Charge (Chrono Boost)  
  89  10:17  Zealot x2  
  89  10:18  Zealot x4  
  101  10:37  Fleet Beacon  
  101  10:38  Stargate  
  101  10:42  Stalker x4  
  107  10:43  Stalker x2  
  113  10:54  Assimilator x2  
  113  11:10  Immortal  
  117  11:20  Carrier (Chrono Boost)  
  117  11:22  Carrier (Chrono Boost)  
  129  11:40  Nexus  
  129  11:42  Pylon  
  129  11:44  Pylon  
  129  11:45  Pylon  
  129  11:46  Protoss Air Weapons Level 2, Graviton Catapult (Chrono Boost), Pylon  
  129  11:50  Immortal  
  133  11:59  Protoss Ground Weapons Level 3 (Chrono Boost)  
  133  12:12  Protoss Ground Armor Level 3 (Chrono Boost)  
  133  12:21  Photon Cannon  
  133  12:22  Photon Cannon  
  133  12:24  Photon Cannon  
  133  12:26  Photon Cannon  
  133  12:27  Photon Cannon  
  133  12:32  Carrier (Chrono Boost)  
  139  12:54  Templar Archives  
  139  13:02  Carrier (Chrono Boost)  
  145  13:15  Probe  
  145  13:16  Probe x3  
  149  13:25  Assimilator, Probe  
  149  13:28  Probe x3  
  149  13:29  Assimilator  
  153  13:35  Nexus  
  153  13:36  Pylon, Probe  
  153  13:40  Probe x3  
  153  13:41  Pylon  
  157  13:52  Probe  
  157  13:53  Carrier (Chrono Boost)  
  158  13:59  Photon Cannon x2  
  158  14:01  Photon Cannon  
  164  14:07  High Templar x2  
  164  14:08  High Templar  
  164  14:09  High Templar  
  172  14:11  Archon  
  172  14:12  Archon  
  172  14:41  Carrier (Chrono Boost)  
  178  14:49  High Templar x2  
  178  14:50  High Templar x2  
  186  14:55  Archon x2  
  186  14:57  Zealot x4  
  186  14:58  Zealot x2  
Tags
 
Add a new tag
Caveats
  • Supply blocks, unpowered buildings, or Contaminate may cause inaccurate times.
  • Supply counts are checked every 10 seconds.